 Dungeon Crawl Stone Soup version 0.21.0 (webtiles) character file.

17668 JirkfaceJones the Grappler (level 12, -8/118 HPs)
             Began as a Troll Warper on Jan 7, 2018.
             Was a High Priest of Qazlal.
             Mangled by a nine-headed hydra (13 damage)
             ... on level 11 of the Dungeon on Jan 8, 2018.
             The game lasted 00:37:46 (10338 turns).

JirkfaceJones the Grappler (Troll Warper)          Turns: 10338, Time: 00:37:46

Health: -8/118     AC: 13    Str: 30    XL:     12   Next: 20%
Magic:  19/19      EV: 12    Int:  9    God:    Qazlal [*****.]
Gold:   769        SH:  6    Dex:  9    Spells: 14/21 levels left

rFire    + . .     SeeInvis .     - Unarmed
rCold    . . .     Gourm    +   (no shield)
rNeg     . . .     Faith    .   E - +1 robe {rF+}
rPois    .         Spirit   .   (helmet restricted)
rElec    .         Reflect  .   M - +0 cloak {+Inv}
rCorr    .         Harm     .   (gloves unavailable)
MR       .....                  (boots unavailable)
Stlth    +.........             D - amulet of regeneration
HPRegen  1.09/turn              k - +3 ring of protection
MPRegen  0.16/turn              r - +4 ring of strength

@: protected from physical damage, repel missiles
A: large, unfitting armour, claws 3, fast metabolism 3, gourmand, regeneration
1, shaggy fur 1, tough skin 2
a: Upheaval, Elemental Force, Disaster Area, Renounce Religion, Evoke
Invisibility


You were on level 11 of the Dungeon.
You worshipped Qazlal.
Qazlal was extremely pleased with you.
You were full.

You visited 3 branches of the dungeon, and saw 14 of its levels.

You collected 769 gold pieces.

Inventory:

Hand Weapons
 l - a cursed -1 hunting sling
Missiles
 d - 5 tomahawks of dispersal (quivered)
 t - 14 tomahawks
Armour
 a - a +1 robe
 E - a +1 robe of fire resistance (worn)
 M - a +0 cloak of invisibility (worn)
Jewellery
 k - a +3 ring of protection (left claw)
 r - a +4 ring of strength (right claw)
 v - an uncursed amulet of magic regeneration
 C - the ring of the Magpie {*Corrode rN+++ MR+ Dex+3 Stlth+}
   (You found it on level 6 of the Dungeon)

   [ring of dexterity]

   It affects your dexterity (+3).
   It renders you almost immune to negative energy.
   It affects your resistance to hostile enchantments.
   It may corrode you when you take damage.
   It makes you more stealthy.
 D - an amulet of regeneration (around neck)
Wands
 u - a wand of disintegration (19)
 w - a wand of polymorph (16)
 y - a wand of flame (66)
 F - a wand of paralysis (29)
 J - a wand of iceblast (17)
Scrolls
 c - 5 scrolls of blinking
 g - 4 scrolls of teleportation
 i - 14 scrolls of remove curse
 j - 3 scrolls of enchant armour
 q - 7 scrolls of fog
 I - a scroll of random uselessness {unknown}
 N - 3 scrolls of identify
 P - 2 scrolls of magic mapping {unknown}
Potions
 e - 3 potions of mutation
 h - a potion of brilliance
 m - a potion of degeneration
 n - 4 potions of curing
 o - 2 potions of flight {unknown}
 s - 3 potions of agility {unknown}
 x - a potion of cancellation {unknown}
 A - a potion of ambrosia {unknown}
 B - 3 potions of haste
 G - a potion of lignification {unknown}
 H - a potion of resistance
 O - a potion of might {unknown}
Books
 b - a book of Spatial Translocations

   Spells                             Type                      Level
   a - Blink                          Translocation                2
   b - Shroud of Golubria             Charms/Translocation         2
   c - Lesser Beckoning               Translocation                3
   d - Gell's Gravitas                Translocation                3
   e - Teleport Other                 Translocation                3
   f - Passage of Golubria            Translocation                4
 z - a book of Changes

   Spells                             Type                      Level
   a - Beastly Appendage              Transmutation                1
   b - Sticks to Snakes               Transmutation                2
   c - Spider Form                    Transmutation/Poison         3
   d - Ice Form                       Ice/Transmutation            4
   e - Blade Hands                    Transmutation                5
 K - a book of Enchantments

   Spells                             Type                      Level
   a - Cause Fear                     Hexes                        4
   b - Yara's Violent Unravelling     Hexes/Transmutation          5
   c - Silence                        Hexes/Air                    5
   d - Deflect Missiles               Charms/Air                   6
   e - Discord                        Hexes                        8
 L - a book of Geomancy

   Spells                             Type                      Level
   a - Sandblast                      Earth                        1
   b - Passwall                       Transmutation/Earth          2
   c - Stone Arrow                    Conjuration/Earth            3
   d - Petrify                        Transmutation/Earth          4
   e - Lee's Rapid Deconstruction     Earth                        5
Comestibles
 f - 22 rations


   Skills:
 + Level 7.1 Fighting
 - Level 2.7 Throwing
 + Level 7.2 Dodging
 * Level 11.8 Unarmed Combat
 + Level 5.4 Spellcasting
 + Level 6.3 Translocations


You had 14 spell levels left.
You knew the following spells:

 Your Spells              Type           Power        Failure   Level  Hunger
a - Blink                 Tloc           N/A          2%          2    ##.....
b - Shroud of Golubria    Chrm/Tloc      #.........   10%         2    ##.....
c - Gell's Gravitas       Tloc           ##........   5%          3    ###....


Dungeon Overview and Level Annotations

Branches:
Dungeon (11/15)            Temple (1/1) D:5            Lair (2/6) D:9
  Swamp (0/4) Lair:2          Orc (0/2) D:11
  Snake: Lair:2-4    Spider: Lair:2-4

Altars:
Ashenzari
Cheibriados
Dithmenos
Elyvilon
Fedhas
Gozag
Hepliaklqana
Kikubaaqudgha
Makhleb
Nemelex Xobeh
Okawaru
Qazlal
Ru
Sif Muna
Trog
Uskayaw
Vehumet
Wu Jian
Xom
Yredelemnul
Zin
The Shining One

Shops:
D:4 [   D:10 *


Innate Abilities, Weirdness & Mutations

You are too large for most types of armour.
You have claws for hands.
Your metabolism is lightning-fast.
You like to eat raw meat.
Your natural rate of healing is unusually fast.
You are covered in fur. (AC +1)
You have very tough skin. (AC +2)


Message History

You feel more protected from physical attacks.
The nine-headed hydra bites you!
* * * LOW HITPOINT WARNING * * *
The nine-headed hydra bites you!
* * * LOW HITPOINT WARNING * * *
Evoke which item? (* to show all) (? for menu, Esc to quit)
Aiming: Throw Flame
Press: ? - help, Shift-Dir - straight line, f/p - nine-headed hydra
Aim: a nine-headed hydra (almost dead)
The puff of flame hits the nine-headed hydra.
The nine-headed hydra is almost dead.
The nine-headed hydra barely misses you.
The nine-headed hydra bites you!
* * * LOW HITPOINT WARNING * * *
The nine-headed hydra bites you but does no damage.
The nine-headed hydra barely misses you.
The nine-headed hydra misses you.
The nine-headed hydra closely misses you.
The nine-headed hydra bites you!
You die...

.... #...# #..
....######...#########..
........##..<..>........
#.......##...##.#.####..
#.......##..........###.
#.......####.##.##....+.
#............##.# ..###.
#######.§§...#... ......
########@D....#.####..###
#.....§..§§...... ...
#......§§#........ ....
#........#.........
#........#.....####
####...###.....# #...
.....# #### .....##
........#


You could see a nine-headed hydra.

Vanquished Creatures
  A two-headed ogre (D:8)
  Erica (D:9)
  Pikel (D:7)
  An orc sorcerer (D:11)
  An ugly thing (D:11)
  Maurice (D:10)
  2 black mambas
  5 spiny frogs
  3 komodo dragons (Lair:1)
  A troll (D:11)
  6 hippogriffs
  5 blink frogs (Lair:2)
  Sigmund (D:5)
  16 yaks (Lair:2)
  A wyvern (D:10)
  A hungry ghost (D:11)
  A basilisk (Lair:2)
  4 water moccasins
  9 porcupines
  2 two-headed ogre zombies (D:11)
  6 orc warriors
  2 sky beasts
  2 slaves (D:7)
  4 ice beasts
  4 ogres
  3 phantoms
  4 wolves (Lair:2)
  2 centaurs
  3 crocodiles
  A big kobold (D:8)
  Blork the orc (D:5)
  6 bullfrogs
  A wyvern zombie (D:6)
  2 troll zombies (D:11)
  2 scorpions
  3 howler monkeys (D:9)
  5 crimson imps
  3 hounds
  9 orc priests
  4 jellies
  11 orc wizards
  Terence (D:3)
  10 iguanas
  Natasha (thrice) (D:3)
  6 worker ants
  5 ogre zombies
  3 hound skeletons
  3 hound zombies
  3 worker ant zombies (D:3)
  Robin (D:3)
  3 gnolls (D:3)
  2 gnoll zombies (D:8)
  3 howler monkey skeletons
  18 orc zombies
  10 adders
  A shadow imp (D:9)
  An ooze (D:1)
  An adder skeleton (D:3)
  An adder zombie (D:7)
  A worm (D:2)
  4 dart slugs
  4 leopard geckos
  59 orcs
  8 bats
  4 giant cockroaches
  22 goblins
  8 hobgoblins
  8 jackals
  4 quokkas
  A ball python zombie (D:3)
  4 frilled lizards
  A goblin skeleton (D:11)
  2 goblin zombies (D:11)
  2 hobgoblin skeletons (D:11)
  2 hobgoblin zombies (D:11)
  2 jackal zombies (D:3)
  13 kobolds
  A leopard gecko skeleton (D:3)
  A leopard gecko zombie (D:5)
  2 orc skeletons (D:11)
  2 quokka skeletons
  A quokka zombie (D:7)
  3 rats
375 creatures vanquished.

Vanquished Creatures (others)
  A slave (D:7)
  4 orcs (D:7)
  A fungus (Lair:2)
6 creatures vanquished.

Grand Total: 381 creatures vanquished

Notes
Turn   | Place    | Note
-------+----------+-------------------------------------------
     0 | D:1      | JirkfaceJones the Troll Warper began the quest for the Orb.
     0 | D:1      | Reached XP level 1. HP: 19/19 MP: 1/1
   106 | D:1      | Reached skill level 1 in Throwing
   122 | D:1      | Reached XP level 2. HP: 19/28 MP: 3/3
   689 | D:1      | Reached XP level 3. HP: 35/35 MP: 4/4
   902 | D:2      | Reached XP level 4. HP: 42/42 MP: 5/5
   961 | D:2      | Reached skill level 3 in Unarmed Combat
  1271 | D:3      | Noticed Natasha
  1275 | D:3      | Killed Natasha
  1357 | D:3      | Found a sacrificial altar of Ru.
  1361 | D:3      | Noticed Terence
  1370 | D:3      | Killed Terence
  1370 | D:3      | Reached XP level 5. HP: 50/50 MP: 6/6
  1383 | D:3      | Noticed Robin
  1416 | D:3      | Killed Robin
  1483 | D:3      | Learned a level 2 spell: Blink
  1506 | D:3      | Noticed Natasha
  1533 | D:3      | Killed Natasha
  1537 | D:3      | Reached XP level 6. HP: 40/59 MP: 7/7
  1540 | D:3      | Reached skill level 4 in Unarmed Combat
  1702 | D:3      | Noticed Natasha
  1726 | D:3      | Killed Natasha
  2138 | D:4      | Reached XP level 7. HP: 61/66 MP: 9/9
  2268 | D:4      | Found Aneri's Antique Armour Emporium.
  2460 | D:4      | Reached skill level 5 in Unarmed Combat
  2660 | D:4      | Found a stormy altar of Qazlal.
  2668 | D:4      | Became a worshipper of Qazlal Stormbringer
  2683 | D:5      | Entered Level 5 of the Dungeon
  2694 | D:5      | Found a staircase to the Ecumenical Temple.
  2737 | D:5      | Noticed Blork the orc
  2759 | D:5      | Killed Blork the orc
  2770 | D:5      | Noticed Sigmund
  2801 | D:5      | Killed Sigmund
  2801 | D:5      | Reached XP level 8. HP: 42/75 MP: 10/10
  2928 | D:5      | Reached skill level 6 in Unarmed Combat
  3098 | Temple   | Entered the Ecumenical Temple
  3312 | D:5      | Reached * piety under Qazlal
  3511 | D:6      | Found an ornate altar of the Wu Jian Council.
  3566 | D:6      | Got a flickering golden ring
  4058 | D:7      | Noticed Pikel
  4084 | D:7      | Killed Pikel
  4084 | D:7      | Reached skill level 7 in Unarmed Combat
  4084 | D:7      | Reached XP level 9. HP: 78/85 MP: 11/13
  4226 | D:7      | Found a sparkling altar of Nemelex Xobeh.
  4482 | D:7      | Found a basalt altar of Yredelemnul.
  4483 | D:7      | Found an opulent altar of Gozag.
  4748 | D:8      | Noticed a two-headed ogre
  4758 | D:8      | Killed a two-headed ogre
  4758 | D:8      | Reached skill level 5 in Dodging
  4758 | D:8      | Reached skill level 8 in Unarmed Combat
  4868 | D:8      | Reached skill level 5 in Fighting
  4922 | D:8      | Identified the ring of the Magpie {*Corrode rN+++ MR+ Dex+3 Stlth+} (You found it on level 6 of the Dungeon)
  4935 | D:8      | Reached ** piety under Qazlal
  4964 | D:8      | Learned a level 2 spell: Shroud of Golubria
  5071 | D:8      | Reached XP level 10. HP: 68/96 MP: 14/14
  5130 | D:8      | Found a transporter.
  5146 | D:8      | Found a transporter.
  5414 | D:8      | Found a shadowy altar of Dithmenos.
  5462 | D:9      | Found a staircase to the Lair.
  5605 | D:9      | Found a snail-covered altar of Cheibriados.
  5608 | D:9      | Found a bloodstained altar of Trog.
  5611 | D:9      | Found an iron altar of Okawaru.
  5632 | D:9      | Reached skill level 9 in Unarmed Combat
  5917 | D:9      | Found a glowing golden altar of the Shining One.
  6159 | D:9      | Noticed Erica
  6180 | D:9      | Killed Erica
  6268 | D:9      | Found a radiant altar of Vehumet.
  6806 | Lair:1   | Entered Level 1 of the Lair of Beasts
  6806 | Lair:1   | Found a shattered altar of Ashenzari.
  6814 | D:9      | Learned a level 3 spell: Gell's Gravitas
  6872 | Lair:1   | Noticed a spiny frog
  6881 | Lair:1   | Killed a spiny frog
  6881 | Lair:1   | Reached skill level 5 in Translocations
  7101 | Lair:1   | Noticed a spiny frog
  7109 | Lair:1   | Killed a spiny frog
  7109 | Lair:1   | Reached skill level 10 in Unarmed Combat
  7183 | Lair:1   | Reached *** piety under Qazlal
  7183 | Lair:1   | Reached XP level 11. HP: 90/105 MP: 16/16
  8060 | Lair:2   | HP: 4/106 [hippogriff (2)]
  8304 | Lair:2   | Reached skill level 11 in Unarmed Combat
  8306 | Lair:2   | Reached skill level 5 in Spellcasting
  8518 | Lair:2   | Reached **** piety under Qazlal
  8628 | Lair:2   | Found a staircase to the Swamp.
  9193 | D:10     | Entered Level 10 of the Dungeon
  9367 | D:10     | Noticed Maurice
  9382 | D:10     | Killed Maurice
  9382 | D:10     | Reached XP level 12. HP: 114/115 MP: 18/18
  9421 | D:10     | Found Zukoom's General Store.
  9962 | D:11     | Found a staircase to the Orcish Mines.
  9986 | D:11     | Reached ***** piety under Qazlal
 10111 | D:11     | Noticed an eight-headed hydra
 10338 | D:11     | HP: 5/118 [nine-headed hydra (9)]
 10338 | D:11     | Mangled by a nine-headed hydra

Skill      XL: |  1  2  3  4  5  6  7  8  9 10 11 12 |
---------------+-------------------------------------+-----
Throwing       | 1 2 |  2.7
Dodging        | 2 3 4 5 6 7 |  7.2
Fighting       | 2 3 4 5 6 7 |  7.1
Unarmed Combat | 3 4 5 7 8 10 11 | 11.8
Spellcasting   | 2 3 4 5 |  5.4
Translocations | 3 4 5 6 |  6.3

Action                   |  1- 3 |  4- 6 |  7- 9 | 10-12 || total
-------------------------+-------+-------+-------+-------++-------
Melee: Unarmed           |    75 |   290 |   394 |   512 ||  1271
       Punch             |     1 |     4 |     7 |    39 ||    51
 Cast: Shroud of Golubri |       |       |     3 |       ||     3
       Gell's Gravitas   |       |       |       |     8 ||     8
       Blink             |       |       |       |     1 ||     1
Evoke: Wand              |       |       |       |    11 ||    11
  Use: Scroll            |       |       |     9 |     3 ||    12
       Potion            |       |       |     1 |     8 ||     9
  Eat: Chunk             |     2 |    16 |    27 |    40 ||    85
       Ration            |     1 |       |     1 |     3 ||     5
Armor: Robe              |    20 |   101 |    97 |   140 ||   358
Dodge: Dodged            |    33 |   172 |   159 |   250 ||   614
Block: Other             |       |       |    11 |   107 ||   118
